 Dungeon Crawl Stone Soup version 0.28.0-62-gf88900778d (webtiles) character file.

Game seed: 9126960758053199010

4927 cbfl8 the Cleaver (level 10, -4/86 HPs)
             Began as a Minotaur Fighter on June 25, 2023.
             Was a Believer of the Shining One.
             Killed by the air
             ... invoked by Gastronok
              (17 damage)
             ... on level 8 of the Dungeon.
             The game lasted 00:08:34 (11214 turns).

cbfl8 the Cleaver (Minotaur Fighter)               Turns: 11214, Time: 00:08:34

Health: -4/86      AC: 14    Str: 21    XL:     10   Next: 27%
Magic:  9/9        EV:  9    Int:  5    God:    the Shining One [**....]
Gold:   208        SH:  8    Dex: 17    Spells: 9/9 levels left

rFire   . . .      SeeInvis .   v - +2 hand axe (venom)
rCold   + . .      Faith    .   c - +2 buckler
rNeg    + . .      Spirit   .   k - +0 chain mail
rPois   .          Reflect  .   (helmet restricted)
rElec   .          Harm     .   (no cloak)
rCorr   .          Rampage  .   o - +2 pair of gloves {Dex+3}
Will    .....                   (no boots)
Stlth   ..........              (no amulet)
HPRegen 0.24/turn               i - ring of protection from cold
MPRegen 0.11/turn               z - +4 ring of slaying

@: glowing
A: horns 2, retaliatory headbutt
a: Renounce Religion, Divine Shield


You were on level 8 of the Dungeon.
You worshipped the Shining One.
The Shining One was pleased with you.
You visited 2 branches of the dungeon, and saw 9 of its levels.

You collected 423 gold pieces.
You spent 215 gold pieces at shops.

Inventory:

Hand Weapons
 a - a +3 war axe
 v - a +2 hand axe of venom (weapon)
Armour
 c - a +2 buckler (worn)
 k - a +0 chain mail (worn)
 o - a +2 pair of gloves of dexterity (worn)
Jewellery
 e - a ring of see invisible
 i - a ring of protection from cold (left hand)
 x - a ring of willpower
 z - a +4 ring of slaying (right hand)
Wands
 y - a wand of charming (11)
 B - a wand of polymorph (10)
Scrolls
 b - a scroll of brand weapon {unknown}
 f - a scroll of blinking
 h - 2 scrolls of magic mapping
 q - 3 scrolls of fog
 s - a scroll of holy word
 u - 3 scrolls of teleportation
Potions
 d - a potion of might
 g - a potion of heal wounds {unknown}
 j - a potion of resistance {unknown}
 l - a potion of magic
 m - 2 potions of cancellation
 n - a potion of lignification {unknown}
 p - 2 potions of haste
 r - 3 potions of mutation
 w - a potion of degeneration {unknown}
 A - 2 potions of berserk rage


   Skills:
 + Level 7.4 Fighting
 + Level 10.9 Axes
 + Level 8.9 Armour
 + Level 2.4 Dodging
 + Level 1.1 Stealth
 + Level 6.8 Shields
 + Level 0.3 Unarmed Combat
 * Level 5.9 Evocations


You had 9 spell levels left.
You didn't know any spells.
Your spell library was empty.

Dungeon Overview and Level Annotations

Branches:
Dungeon (8/15)             Temple (1/1) D:4            Lair (0/6) D:8

Altars:
Ashenzari
Cheibriados
Dithmenos
Elyvilon
Fedhas
Gozag
Hepliaklqana
Kikubaaqudgha
Makhleb
Nemelex Xobeh
Okawaru
Qazlal
Ru
Sif Muna
Trog
Uskayaw
Vehumet
Wu Jian
Xom
Yredelemnul
Zin
The Shining One

Shops:
D:8 [

Annotations:
D:8 Gastronok


Innate Abilities, Weirdness & Mutations

You have a pair of horns on your head.
You reflexively headbutt those who attack you in melee.


Message History

Prince Ribbit blinks!
Gastronok bites you!
You hit Gastronok.
You headbutt Gastronok, but do no damage.
Gastronok is heavily wounded.
You hit Gastronok.
Gastronok is heavily wounded.
Prince Ribbit blinks!
You hit Gastronok.
Gastronok is heavily wounded.
Gastronok closely misses you. You furiously retaliate!
You headbutt Gastronok. You hit Gastronok but do no damage.
Gastronok looks as sick as possible!
Gastronok is heavily wounded.
You slash Gastronok! You headbutt Gastronok!
Gastronok is severely wounded.
You hit Gastronok.
Gastronok looks as sick as possible!
You headbutt Gastronok!
Gastronok is almost dead.
Prince Ribbit blinks!
Gastronok waves his eye-stalks in wide circles.
The air twists around and strikes you!!
* * * LOW HITPOINT WARNING * * *
You hit Gastronok.
Gastronok looks as sick as possible!
Gastronok is almost dead.
You slash Prince Ribbit! You headbutt Prince Ribbit!
Prince Ribbit is heavily wounded.
You hit Gastronok.
Gastronok looks as sick as possible!
Prince Ribbit hits you.
* * * LOW HITPOINT WARNING * * *
You slash Prince Ribbit!
Prince Ribbit looks as sick as possible!
Prince Ribbit is almost dead.
You hit Gastronok. You block Prince Ribbit's attack.
Gastronok waves his eye-stalks in wide circles.
The air twists around and strikes you!
* * * LOW HITPOINT WARNING * * *
It was a potion of curing.
You feel better.
You kill Prince Ribbit!
Okay, then.
You feel briefly sluggish.
Gastronok waves his eye-stalks in wide circles.
The air twists around and strikes you!
You die...

######## #......# ##
#.####.############# .###
#.# #.....@...wr..#
...###.################.#
............#
####...####.# ####.
####.....##.# ##....
.[....##....## #....
###...####...### #..# .#
#............###..# #.#
#.................# #.#


You could see Gastronok (extremely poisoned) and a quokka (summoned).

Vanquished Creatures
  Joseph (D:8)
  Maggie (D:8)
  Prince Ribbit (D:8)
  Sigmund (D:3)
  6 yaks (D:8)
  3 vampire mosquitoes (D:7)
  A steam dragon (D:5)
  A water moccasin (D:6)
  Duvessa (D:7)
  2 orc warriors
  2 sky beasts
  2 ice beasts (D:6)
  2 black bears
  A centaur (D:6)
  A phantom (D:6)
  2 kobold brigands
  A scorpion (D:5)
  Dowan (D:7)
  4 wights (D:6)
  2 howler monkeys
  3 centaur zombies (D:6)
  A bullfrog zombie (D:5)
  6 orc priests
  A gnoll shaman (D:7)
  A jelly (D:6)
  4 hounds
  4 iguanas
  6 orc wizards
  A killer bee zombie (D:8)
  A hound skeleton (D:5)
  4 gnolls (D:7)
  3 adders
  A shadow imp (D:5)
  2 white imps
  2 ufetubi
  An adder skeleton (D:4)
  5 worms
  2 dart slugs
  40 orcs
  5 endoplasms
  A giant cockroach (D:1)
  11 hobgoblins
  6 jackals
  5 quokkas
  5 ball pythons
  7 bats
  7 frilled lizards
  7 goblins
  11 kobolds
  9 rats
198 creatures vanquished.

Vanquished Creatures (others)
  12 plants (D:8)
12 creatures vanquished.

Grand Total: 210 creatures vanquished

Notes
Turn   | Place    | Note
-------+----------+-------------------------------------------
     0 | D:1      | cbfl8 the Minotaur Fighter began the quest for the Orb.
     0 | D:1      | Reached XP level 1. HP: 19/19 MP: 0/0
    13 | D:1      | You fall into a shaft and drop 1 floor!
    34 | D:2      | Reached XP level 2. HP: 19/27 MP: 1/1
   497 | D:1      | Reached XP level 3. HP: 33/33 MP: 2/2
   890 | D:1      | Reached skill level 1 in Evocations
  1289 | D:2      | Reached skill level 3 in Axes
  1633 | D:2      | Found a faded altar of an unknown god.
  1654 | D:2      | Reached XP level 4. HP: 38/40 MP: 3/3
  2041 | D:3      | Noticed Sigmund
  2052 | D:3      | Killed Sigmund
  2053 | D:3      | Reached skill level 4 in Axes
  2053 | D:3      | Reached XP level 5. HP: 33/46 MP: 4/4
  2479 | D:3      | Reached XP level 6. HP: 52/52 MP: 5/5
  2686 | D:3      | Found a sacrificial altar of Ru.
  2686 | D:3      | Found a hide-covered altar of Uskayaw.
  2882 | D:4      | Found a glowing silver altar of Zin.
  2992 | D:4      | Found a staircase to the Ecumenical Temple.
  3058 | D:4      | Found an ornate altar of the Wu Jian Council.
  4037 | Temple   | Entered the Ecumenical Temple
  4165 | Temple   | Became a worshipper of the Shining One
  4213 | D:5      | Entered Level 5 of the Dungeon
  4228 | D:5      | Reached skill level 5 in Axes
  4237 | D:5      | Reached skill level 5 in Armour
  4761 | D:5      | Noticed a steam dragon
  4769 | D:5      | Killed a steam dragon
  4770 | D:5      | Reached skill level 6 in Axes
  4770 | D:5      | Reached XP level 7. HP: 17/60 MP: 6/6
  5519 | D:5      | Found a stormy altar of Qazlal.
  5525 | D:5      | Reached * piety under the Shining One
  5743 | D:6      | Reached skill level 7 in Axes
  5743 | D:6      | Reached skill level 5 in Shields
  5743 | D:6      | Reached XP level 8. HP: 40/67 MP: 7/7
  5750 | D:6      | Reached skill level 5 in Fighting
  6187 | D:6      | Reached skill level 1 in Dodging
  6468 | D:6      | Reached skill level 8 in Axes
  6708 | D:6      | Reached ** piety under the Shining One
  6953 | D:6      | Reached XP level 9. HP: 75/75 MP: 8/8
  7469 | D:7      | Reached skill level 9 in Axes
  8391 | D:7      | Noticed Duvessa
  8394 | D:7      | Noticed Dowan
  8399 | D:7      | Killed Duvessa
  8405 | D:7      | Killed Dowan
  8536 | D:7      | Reached skill level 5 in Evocations
  9101 | D:8      | Found Yhiheiba's Armour Boutique.
  9115 | D:8      | Bought a +2 pair of gloves of dexterity for 215 gold pieces
  9171 | D:8      | Found a staircase to the Lair.
  9246 | D:8      | Reached skill level 10 in Axes
  9276 | D:8      | Reached XP level 10. HP: 15/86 MP: 9/9
  9743 | D:8      | Found a hazy altar of Hepliaklqana.
  9743 | D:8      | Noticed Maggie
 10125 | D:8      | Killed Maggie
 10126 | D:8      | Reached skill level 1 in Stealth
 10508 | D:8      | Noticed Joseph
 11037 | D:8      | Killed Joseph
 11185 | D:8      | Noticed Gastronok
 11187 | D:8      | Noticed Prince Ribbit
 11210 | D:8      | HP: 3/86 [Gastronok/the air (17)]
 11211 | D:8      | Killed Prince Ribbit
 11214 | D:8      | Killed from afar by Gastronok

Illustrated notes

Levels and vault maps discovered:
D:1:      dpeg_arrival_yet_another_circle, layout_basic
D:2:      layout_rooms, ebering_ecumenical_altar_box,
          hangedman_abyss_or_decor_stabs, kennysheep_generic_room_7
D:3:      layout_loops_ring, amethyst_overflow_temple_binary,
          minmay_misc_feat_tower, uniq_sigmund
D:4:      layout_basic, mainiacjoe_overflow_concentric_impassable,
          overflow_temple_1_default, temple_doors_cd
D:5:      layout_loops_ring, mainiacjoe_overflow_alcove_4
D:6:      layout_rooms, grunt_decor_fettered, minmay_puff
D:7:      layout_layer_cave, uniq_duvessa
D:8:      layout_loops_ring, nicolae_hepliaklqana_hazy_memory, lair_entry_dummy,
          serial_shops, nicolae_shop_competitors_out_of_business,
          uniq_gastronok, uniq_prince_ribbit1, uniq_maggie, uniq_joseph
Temple:   eino_temple_scatter_basement

Skill      XL: |  1  2  3  4  5  6  7  8  9 10 |
---------------+-------------------------------+-----
Shields        | 4 5 6 |  6.8
Fighting       | 4 5 7 |  7.4
Evocations     | 1 2 3 4 5 |  5.9
Axes           | 3 4 6 7 8 10 | 10.9
Armour         | 4 5 6 7 8 |  8.9
Dodging        | 1 2 |  2.4
Stealth        | 1 |  1.1
Unarmed Combat | |  0.3

Action                   |  1- 3 |  4- 6 |  7- 9 | 10-12 || total
-------------------------+-------+-------+-------+-------++-------
Melee: War axe           |    86 |   115 |    29 |       ||   230
       Headbutt          |    13 |    18 |    70 |    15 ||   116
       Hand axe          |       |       |   239 |    38 ||   277
       Unarmed           |       |       |       |     6 ||     6
Evoke: Wand              |       |     2 |       |     1 ||     3
  Use: Scroll            |     1 |     9 |     9 |     2 ||    21
       Potion            |       |       |       |     1 ||     1
Armor: Scale mail        |    35 |    28 |       |       ||    63
       Chain mail        |       |    18 |   119 |     4 ||   141
Dodge: Dodged            |    44 |    43 |    82 |     4 ||   173
Block: Buckler           |    22 |    24 |    89 |     8 ||   143
